 Dungeon Crawl Stone Soup version 0.29-a0-22-gbf593b16ee (webtiles) character file.

Game seed: 6233071451810307217

46 Zonian the Magician (level 3, -5/25 HPs)
             Began as a Djinni Ice Elementalist on Jan 29, 2022.
             Slain by a gnoll (6 damage)
             ... on level 2 of the Dungeon.
             The game lasted 00:02:30 (2364 turns).

Zonian the Magician (Djinni Ice Elementalist)       Turns: 2364, Time: 00:02:31

Health: -5/25      AC:  2    Str:  7    XL:     3   Next: 92%
Gold:   57         EV: 12    Int: 18    God:
                   SH:  0    Dex: 13

rFire   + + .      SeeInvis .   j - +1 dagger (venom)
rCold   x . .      Faith    .   (no shield)
rNeg    . . .      Spirit   .   a - +0 robe
rPois   ∞          Reflect  .   (no helmet)
rElec   .          Harm     .   (no cloak)
rCorr   .          Rampage  .   (no gloves)
Will    .....                   (boots unavailable)
Stlth   ++........              (no amulet)
HPRegen 0.08/turn               (no ring)
MPRegen 0.00/turn               (no ring)

@: flying
A: sickness immunity, fire resistance 2, cold vulnerability 1, float, innate
caster, HP casting, extra vitality 1
a: no special abilities


You were on level 2 of the Dungeon.
You visited 1 branch of the dungeon, and saw 2 of its levels.

You collected 57 gold pieces.

Inventory:

Hand Weapons
 f - a +0 dagger
 h - a +0 broad axe
 j - a +1 dagger of venom (weapon)
Missiles
 c - 14 sling bullets
Armour
 a - a +0 robe (worn)
Scrolls
 d - a scroll of magic mapping {unknown}
 k - a scroll of amnesia {unknown}
Potions
 b - 2 potions of heal wounds {unknown}
 e - a potion of lignification {unknown}
 g - a potion of might {unknown}
 i - a potion of curing {unknown}
 l - a potion of flight {unknown}


   Skills:
 + Level 0.0 Short Blades
 + Level 3.0 Dodging
 + Level 2.3 Stealth
 + Level 3.5 Spellcasting


You couldn't memorise any spells.
You knew the following spells:

 Your Spells              Type           Power      Damage    Failure   Level
a - Freeze                Ice            64%        1d8       3%          1
b - Frozen Ramparts       Ice            32%        1d5       11%         3
c - Ozocubu's Armour      Ice            16%        N/A       11%         3
d - Hailstorm             Conj/Ice       16%        3d6       34%         4
e - Slow                  Hex            64%        N/A       3%          1
Your spell library was empty.

Dungeon Overview and Level Annotations

Branches:
Dungeon (2/15)

Altars:


Innate Abilities, Weirdness & Mutations

You are immune to sickness and miasma.
You are immune to poison.
Your flesh is very heat resistant. (rF++)
You are vulnerable to cold. (rC-)
You float through the air rather than walking.
You learn spells naturally, not from books.
Your magical power is your life essence.
You have superior vitality. (+4 MHP)


Message History

A bat comes into view.
Unknown command.
The bat hits you.
A gnoll comes into view. It is wielding a +0 whip.
The bat hits you.
You freeze the bat.
The bat is severely wounded.
The bat hits you.
You can't see any susceptible monsters within range! (Use Z to cast anyway.) Unknown command.
The bat hits you.
You miss the bat.
The bat is moderately wounded.
The bat hits you but does no damage.
You freeze the bat.
You kill the bat!
Unknown command.
The gnoll closely misses you.
You closely miss the gnoll. The gnoll hits you with a +0 whip.
You hit the gnoll but do no damage.
The gnoll is poisoned.
The gnoll completely misses you.
You freeze the gnoll.
The gnoll is lightly wounded.
The gnoll hits you with a +0 whip!
* * * LOW HITPOINT WARNING * * *
Unknown command.
Casting: Freeze (safe; 3% risk of failure)
Confirm with . or Enter, or press ? or * to list all spells.
Aiming: Freeze (safe; 3% risk of failure)
Press: ? - help, Shift-Dir - straight line, f/p - gnoll
Aim: a gnoll, wielding a +0 whip (moderately wounded, very poisoned)
You freeze the gnoll.
The gnoll is heavily wounded.
* * * LOW HITPOINT WARNING * * *
The gnoll hits you with a +0 whip.
* * * LOW HITPOINT WARNING * * *
You hit the gnoll but do no damage.
The gnoll is heavily wounded.
The gnoll hits you with a +0 whip.
You die...

. ....#######
......g@..######
#########.†#...#
#..........#
#..........#
#......(.###
#........#
#######.## #..#
##.##


You could see a gnoll (very poisoned).

Vanquished Creatures
  A gnoll (D:1)
  3 dart slugs (D:1)
  A ball python (D:1)
  2 endoplasms (D:1)
  7 goblins (D:1)
  2 hobgoblins (D:1)
  5 bats
  3 frilled lizards (D:1)
  3 kobolds (D:1)
  3 rats
30 creatures vanquished.

Vanquished Creatures (others)
  6 plants (D:1)
6 creatures vanquished.

Grand Total: 36 creatures vanquished

Notes
Turn   | Place    | Note
-------+----------+-------------------------------------------
     0 | D:1      | Zonian the Djinni Ice Elementalist began the quest for the
                  | Orb.
     0 | D:1      | Reached XP level 1. HP: 15/15 MP: 0/0
   310 | D:1      | Reached XP level 2. HP: 11/21 MP: 0/0
   859 | D:1      | Reached XP level 3. HP: 13/25 MP: 0/0
   859 | D:1      | Learned a level 1 spell: Slow
  1694 | D:1      | Found a faded altar of an unknown god.
  2363 | D:2      | HP: 1/25 [gnoll (5)]
  2364 | D:2      | Slain by a gnoll

Illustrated notes

Levels and vault maps discovered:
D:1:      dpeg_cavernosity, layout_basic, ebering_ecumenical_altar_webs,
          nicolae_grassy_gnolls
D:2:      layout_basic

Skill      XL: |  1  2  3 |
---------------+----------+-----
Stealth        | 2 |  2.3
Dodging        | 3 |  3.0
Spellcasting   | |  3.5

Action                   || total
-------------------------++-------
Melee: Dagger            ||    15
 Cast: Freeze            ||    44
 Stab: Sleeping          ||     1
Armor: Robe              ||     9
Dodge: Dodged            ||    24

Table legend: (Time is in decaauts)
 A = Elapsed time spent in this place.
 B = Non-inter-level travel time spent in this place.
 C = Inter-level travel time spent in this place.
 D = Time resting spent in this place.
 E = Time spent auto-exploring this place.
 F = Levels seen in this place.
 G = Mean time per level.
                   A        B        C        D        E       F      G
               +--------+--------+--------+--------+--------+-----+--------+
         Total |   2362 |   2222 |    140 |    785 |   1160 |   2 | 1181.0 |
       Dungeon |   2362 |   2222 |    140 |    785 |   1160 |   2 | 1181.0 |
               +--------+--------+--------+--------+--------+-----+--------+

Top non-repeatable levels by time:
     D:1: 2245 daAuts
     D:2: 117 daAuts
